 Dungeon Sprint DCSS version 0.28-a0-1080-g05a166d0ed (webtiles) character file.

Game seed: 5703889239204861273

166 SmokeWeed the Carver (level 8, 75/75 HPs)
             Began as a Minotaur Gladiator on Dec 10, 2021.
             Was a Priest of Okawaru.
             Got out of the dungeon alive.
             The game lasted 00:12:35 (1016 turns).

SmokeWeed the Carver (Minotaur Gladiator)           Turns: 1016, Time: 00:12:36

Health: 75/75      AC:  7    Str: 25    XL:     8   Next: 20%
Magic:  16/16      EV: 18    Int: 10    God:    Okawaru [***...]
Gold:   305        SH:  9    Dex: 20    Spells: 7/7 levels left

rFire   + + +      SeeInvis .   a - +0 long sword
rCold   . . .      Faith    .   t - +0 buckler
rNeg    + . .      Spirit   .   d - +0 ring mail
rPois   .          Reflect  +   c - +0 hat
rElec   .          Harm     .   s - +0 cloak
rCorr   .          Rampage  .   (no gloves)
Will    .....      NoTele   +   (no boots)
Stlth   ++........ NoCast   +   q - amulet "Mioklun" {Reflect -Cast +Inv rF++ SH+5 Stlth+}
HPRegen 0.22/turn               p - ring "Ganaetux" {Str+6 Int+3 Dex+5}
MPRegen 0.15/turn               o - ring of Pessimism {rF+ rN+ MP+9 Dex+3}

@: no status effects
A: horns 2, retaliatory headbutt
a: Renounce Religion, Evoke Invisibility, Heroism


You escaped.
You worshipped Okawaru.
Okawaru was most pleased with you.
You visited 1 branch You collected 440 gold pieces.
You spent 135 gold pieces at shops.

Inventory:

Hand Weapons
 a - a +0 long sword (weapon)
 r - a +2 quarterstaff of chaos
Armour
 b - a +0 leather armour
 c - a +0 hat (worn)
 d - a +0 ring mail (worn)
 s - a +0 cloak (worn)
 t - a +0 buckler (worn)
Jewellery
 o - the ring of Pessimism (right hand) {rF+ rN+ MP+9 Dex+3}
   (You bought it in a shop in the Dungeon)

   [ring of magical power]

   Dex:       It affects your dexterity (+3).
   rF:        It protects you from fire.
   rN:        It protects you from negative energy.
   MP:        It affects your magic capacity (+9).
 p - the ring "Ganaetux" (left hand) {Str+6 Int+3 Dex+5}
   (You bought it in a shop in the Dungeon)

   [ring of strength]

   Str:       It affects your strength (+6).
   Int:       It affects your intelligence (+3).
   Dex:       It affects your dexterity (+5).
 q - the amulet "Mioklun" (around neck) {Reflect -Cast +Inv rF++ SH+5 Stlth+}
   (You bought it in a shop in the Dungeon)

   [amulet of reflection]

   It reflects blocked missile attacks.
   rF:        It greatly protects you from fire.
   +Inv:      It lets you turn invisible.
   -Cast:     It prevents spellcasting.
   SH:        It affects your SH (+5).
   Stlth:     It makes you more stealthy.
Wands
 k - a wand of acid (5)
 l - a wand of iceblast (1) (quivered)
Scrolls
 j - 4 scrolls of blinking
 m - 3 scrolls of fog
Potions
 e - a potion of curing
 f - 3 potions of heal wounds
 g - 4 potions of haste
 h - 2 potions of magic
 i - a potion of berserk rage
 n - a potion of resistance


   Skills:
 + Level 8.6 Fighting
 + Level 14.2 Long Blades
 + Level 6.3 Throwing
 + Level 4.1 Armour
 + Level 11.1 Dodging
 + Level 1.0 Stealth
 + Level 0.4 Evocations


You had 7 spell levels left.
You didn't know any spells.
Your spell library was empty.

Dungeon Overview and Level Annotations

Branches:
Dungeon (1/1)

Altars:
Cheibriados
Dithmenos
Fedhas
Gozag
Kikubaaqudgha
Makhleb
Okawaru
Qazlal
Ru
Sif Muna
Trog
Uskayaw
Vehumet
Wu Jian
Xom
Yredelemnul
Zin
The Shining One
Beogh
Jiyva
Lugonu

Shops:
D *[??*?*:[((!!!!


Innate Abilities, Weirdness & Mutations

You have a pair of horns on your head.
You reflexively headbutt those who attack you in melee.


Message History

notify_dgn_event: Lua error: [string "global_prelude"]:54: Not a monster spell: 'teleport self' notify_dgn_event: Lua error: [string "global_prelude"]:54: Not a monster spell: 'teleport self' notify_dgn_event: Lua error: [string "global_prelude"]:54: Not a monster spell: 'teleport self' notify_dgn_event: Lua error: [string "global_prelude"]:54: Not a monster spell: 'teleport self' notify_dgn_event: Lua error: [string "global_prelude"]:54: Not a monster spell: 'teleport self' notify_dgn_event: Lua error: [string "global_prelude"]:54: Not a monster spell: 'teleport self' notify_dgn_event: Lua error: [string "global_prelude"]:54: Not a monster spell: 'teleport self' notify_dgn_event: Lua error: [string "global_prelude"]:54: Not a monster spell: 'teleport self' notify_dgn_event: Lua error: [string "global_prelude"]:54: Not a monster spell: 'teleport self' notify_dgn_event: Lua error: [string "global_prelude"]:54: Not a monster spell: 'teleport self' notify_dgn_event: Lua error: [string "global_prelude"]:54: Not a monster spell: 'teleport self' notify_dgn_event: Lua error: [string "global_prelude"]:54: Not a monster spell: 'teleport self' notify_dgn_event: Lua error: [string "global_prelude"]:54: Not a monster spell: 'teleport self' notify_dgn_event: Lua error: [string "global_prelude"]:54: Not a monster spell: 'teleport self' notify_dgn_event: Lua error: [string "global_prelude"]:54: Not a monster spell: 'teleport self' notify_dgn_event: Lua error: [string "global_prelude"]:54: Not a monster spell: 'teleport self' notify_dgn_event: Lua error: [string "global_prelude"]:54: Not a monster spell: 'teleport self' notify_dgn_event: Lua error: [string "global_prelude"]:54: Not a monster spell: 'teleport self' notify_dgn_event: Lua error: [string "global_prelude"]:54: Not a monster spell: 'teleport self' notify_dgn_event: Lua error: [string "global_prelude"]:54: Not a monster spell: 'teleport self' notify_dgn_event: Lua error: [string "global_prelude"]:54: Not a monster spell: 'teleport self' notify_dgn_event: Lua error: [string "global_prelude"]:54: Not a monster spell: 'teleport self' notify_dgn_event: Lua error: [string "global_prelude"]:54: Not a monster spell: 'teleport self' notify_dgn_event: Lua error: [string "global_prelude"]:54: Not a monster spell: 'teleport self' notify_dgn_event: Lua error: [string "global_prelude"]:54: Not a monster spell: 'teleport self' notify_dgn_event: Lua error: [string "global_prelude"]:54: Not a monster spell: 'teleport self' notify_dgn_event: Lua error: [string "global_prelude"]:54: Not a monster spell: 'teleport self' notify_dgn_event: Lua error: [string "global_prelude"]:54: Not a monster spell: 'teleport self' notify_dgn_event: Lua error: [string "global_prelude"]:54: Not a monster spell: 'teleport self' notify_dgn_event: Lua error: [string "global_prelude"]:54: Not a monster spell: 'teleport self' notify_dgn_event: Lua error: [string "global_prelude"]:54: Not a monster spell: 'teleport self'
There is a staircase leading out of the dungeon here.
You can't go down here!
Are you sure you want to leave the Dungeon?
This will make you lose the game!
Alright, then stay!
Are you sure you want to leave the Dungeon?
This will make you lose the game!
Alright, then stay!
Are you sure you want to leave the Dungeon?
This will make you lose the game! notify_dgn_event: Lua error: [string "global_prelude"]:54: Not a monster spell: 'teleport self' You have escaped!

#_......._# ###.........###
#⌠.......)...⌠#
######.8.........8.######
##.___.....)###......___∩##
###∩........8.# #.8........∩###
##.......[.....###.............##
#⌠..[.......###...###..........⌠#
#⌠..)...).).# #.@.# #..........⌠#
#⌠..........###...###..........⌠#
##........)....###.............##
###∩........8.# #.8[.......∩###
##∩.__......###......__.∩##
######.8.........8.######
#⌠...........⌠# ###.........###
#_......._#


There were no monsters in sight!

Vanquished Creatures
  A naga mage (D)
  2 nagas (D)
  A water moccasin (D)
  A wolf (D)
  2 necrophages (D)
  2 gnoll sergeants (D)
  Crazy Yiuf (D)
  A gnoll shaman (D)
  2 hounds (D)
  5 gnolls (D)
  2 adders (D)
  A ball python skeleton (D)
  A ball python zombie (D)
  A giant cockroach zombie (D)
23 creatures vanquished.

Notes
Turn   | Place    | Note
-------+----------+-------------------------------------------
     0 | D        | SmokeWeed the Minotaur Gladiator began the quest for the
                  | Orb.
     0 | D        | Reached XP level 1. HP: 18/18 MP: 0/0
     1 | D        | Found an iron altar of Okawaru.
     1 | D        | Found a shimmering blue altar of Sif Muna.
     2 | D        | Found a glowing silver altar of Zin.
     2 | D        | Found a viscous altar of Jiyva.
     4 | D        | Found Waddijas's Distillery.
     4 | D        | Found a sacrificial altar of Ru.
     4 | D        | Found a basalt altar of Yredelemnul.
     4 | D        | Found Maalum's Do-It-Yourself Clinic.
     5 | D        | Found Irphet's Distillery.
     5 | D        | Found Cium's Bottled Wisdom.
     5 | D        | Found a blossoming altar of Fedhas.
     5 | D        | Round 1.
     9 | D        | Became a worshipper of Warmaster Okawaru
    23 | D        | Found a shadowy altar of Dithmenos.
    25 | D        | Found a bloodstained altar of Trog.
    25 | D        | Found an ornate altar of the Wu Jian Council.
    26 | D        | Found Zetiqagh's Weapon Rack.
    27 | D        | Found Sozip's Basic Armour.
    27 | D        | Found Avotriba's Miscellaneous Merchandise.
    34 | D        | Found Lacyngen's Premium Goods.
    34 | D        | Found an ancient bone altar of Kikubaaqudgha.
    34 | D        | Found a radiant altar of Vehumet.
    47 | D        | Found a snail-covered altar of Cheibriados.
    48 | D        | Found a stormy altar of Qazlal.
    48 | D        | Noticed a necrophage
    62 | D        | Killed a necrophage
    63 | D        | Reached skill level 7 in Long Blades
    63 | D        | Reached XP level 2. HP: 27/27 MP: 1/1
    63 | D        | Reached XP level 3. HP: 33/33 MP: 2/2
    63 | D        | Reached XP level 4. HP: 40/40 MP: 3/3
    66 | D        | Found Elacvol's Identification Station.
    67 | D        | Found Biafakk's Advanced Armour.
    67 | D        | Found Wijares's Jewellery.
    67 | D        | Found a burning altar of Makhleb.
    67 | D        | Found a hide-covered altar of Uskayaw.
    67 | D        | Found an opulent altar of Gozag.
    82 | D        | Bought a bound wooden ring for 45 gold pieces
    82 | D        | Identified the ring of Pessimism {rF+ rN+ MP+9 Dex+3} (You
                  | bought it in a shop in the Dungeon)
    82 | D        | Bought a pitted marble ring for 45 gold pieces
    82 | D        | Identified the ring "Ganaetux" {Str+6 Int+3 Dex+5} (You
                  | bought it in a shop in the Dungeon)
    82 | D        | Bought a transparent jade amulet for 45 gold pieces
    82 | D        | Identified the amulet "Mioklun" {Reflect -Cast +Inv rF++
                  | SH+5 Stlth+} (You bought it in a shop in the Dungeon)
    92 | D        | Found a shimmering altar of Xom.
    94 | D        | Found a glowing golden altar of the Shining One.
    94 | D        | Found a corrupted altar of Lugonu.
    95 | D        | Found Kyhimid's Magic Scroll Shop.
    97 | D        | Found Dumneatu's Staff Store.
    97 | D        | Found Qabra's Magic Scroll Shop.
    97 | D        | Found Yphachu's Must-Have Magic.
   140 | D        | Noticed a necrophage
   149 | D        | Killed a necrophage
   149 | D        | Reached * piety under Okawaru
   149 | D        | Arena points: 12 (+12) [x2]
   150 | D        | Reached skill level 9 in Long Blades
   150 | D        | Reached XP level 5. HP: 39/47 MP: 4/4
   214 | D        | Round 2.
   237 | D        | Reached skill level 5 in Fighting
   237 | D        | Reached skill level 1 in Armour
   294 | D        | Noticed Crazy Yiuf
   301 | D        | Killed Crazy Yiuf
   302 | D        | Reached skill level 10 in Long Blades
   313 | D        | Arena points: 54 (+42) [x3]
   314 | D        | Reached XP level 6. HP: 56/56 MP: 5/5
   390 | D        | Round 3.
   410 | D        | Noticed a water moccasin
   418 | D        | Killed a water moccasin
   419 | D        | Reached skill level 11 in Long Blades
   433 | D        | Noticed a naga
   434 | D        | Noticed a naga
   440 | D        | Killed a naga
   440 | D        | Reached ** piety under Okawaru
   441 | D        | Reached skill level 5 in Throwing
   445 | D        | Noticed a naga mage
   446 | D        | Killed a naga
   447 | D        | Reached skill level 12 in Long Blades
   447 | D        | Reached skill level 10 in Dodging
   447 | D        | Reached XP level 7. HP: 44/66 MP: 6/6
   456 | D        | Killed a naga mage
   457 | D        | Reached skill level 13 in Long Blades
   470 | D        | Reached *** piety under Okawaru
   470 | D        | Arena points: 138 (+84) [x4]
   538 | D        | Round 4.
   579 | D        | Reached XP level 8. HP: 45/75 MP: 7/7
   585 | D        | Reached skill level 14 in Long Blades
   619 | D        | Reached skill level 1 in Stealth
   668 | D        | Arena points: 166 (+28) [x1]
   683 | D        | Round 5.
  1016 | D        | Got out of the dungeon alive.

Illustrated notes

Levels and vault maps discovered:
D:        arena_sprint

Skill      XL: |  1  2  3  4  5  6  7  8 |
---------------+-------------------------+-----
Fighting       | 4 5 7 8 |  8.6
Long Blades    | 7 9 10 12 13 14 | 14.2
Throwing       | 3 4 5 6 |  6.3
Dodging        | 6 7 8 10 11 | 11.1
Armour         | 1 3 4 |  4.1
Stealth        | 1 |  1.0
Evocations     | |  0.4

Action                   |  1- 3 |  4- 6 |  7- 9 || total
-------------------------+-------+-------+-------++-------
Melee: Long sword        |     5 |    34 |    19 ||    58
       Headbutt          |     1 |    13 |    12 ||    26
Throw: Throwing net      |     1 |     2 |       ||     3
Evoke: Wand              |       |       |     4 ||     4
  Use: Potion            |       |       |     1 ||     1
 Stab: Held in net/web   |       |     1 |       ||     1
Armor: Leather armour    |       |     2 |       ||     2
Dodge: Dodged            |     1 |    13 |    13 ||    27
Block: Other             |       |     3 |     2 ||     5

Table legend: (Time is in decaauts)
 A = Elapsed time spent in this place.
 B = Non-inter-level travel time spent in this place.
 C = Inter-level travel time spent in this place.
 D = Time resting spent in this place.
 E = Time spent auto-exploring this place.
 F = Levels seen in this place.
 G = Mean time per level.
                   A        B        C        D        E       F      G
               +--------+--------+--------+--------+--------+-----+--------+
         Total |   1007 |   1007 |      0 |    128 |     18 |   1 | 1007.0 |
       Dungeon |   1007 |   1007 |      0 |    128 |     18 |   1 | 1007.0 |
               +--------+--------+--------+--------+--------+-----+--------+

Top non-repeatable levels by time:
       D: 1007 daAuts
